cohdb
Replays
Latest Replays
All Replays
Popular Replays
Top Player Replays
Match Explorer
How It Works
Community
CoH3 Stats
Reddit
Sign in to upload your games and track your stats! →
Sign in with Steam
Match 43657040
Unlisted
Match 43657040
Overview
Messages
Build Orders
End
Construct Infanterie Kompanie
Pioneer Squad
MG 42 Machine Gun Team
Grenadier Squad
Grenadier Squad
Construct Panzergrenadier Kompanie
251 Medium Carrier
Panzergrenadier Squad
Panzergrenadier Squad
Medical Bunker
Support Elements
StuG III G Assault Gun
Panzergrenadier Officer Quarters
Rei
Orangepest
HIMYNAMEISHO
Adult Asthma Is A Choice
0
0
Comments
sign in to comment!
No comments posted yet!